 Dungeon Crawl Stone Soup version 0.29.0-4-gdea44cf6ec (webtiles) character file.

Game seed: 16203649836346114964

18 qw the Chopper (level 2, 0/17 HPs)
             Began as a Tengu Warper on Aug 28, 2022.
             Slain by Robin
             ... wielding a +0 falchion
              (8 damage)
             ... on level 2 of the Dungeon.
             The game lasted 00:00:05 (1149 turns).

qw the Chopper (Tengu Warper)                       Turns: 1149, Time: 00:00:06

Health: 0/17       AC:  3    Str: 11    XL:     2   Next: 70%
Magic:  6/6        EV: 11    Int: 13    God:
Gold:   92         SH:  0    Dex: 13    Spells: 5/5 levels left

rFire   . . .      SeeInvis .   Y - +0 hand axe
rCold   . . .      Faith    .   (no shield)
rNeg    . . .      Spirit   .   b - +0 leather armour
rPois   .          Reflect  .   (helmet restricted)
rElec   .          Harm     .   (no cloak)
rCorr   .          Rampage  .   (no gloves)
Will    .....                   (boots unavailable)
Stlth   +.........              (no amulet)
HPRegen 0.05/turn               (no ring)
MPRegen 0.10/turn               (no ring)

@: no status effects
A: beak, talons 3
a: no special abilities


You were on level 2 of the Dungeon.
You visited 1 branch of the dungeon, and saw 2 of its levels.

You collected 92 gold pieces.


Innate Abilities, Weirdness & Mutations

You have a beak for a mouth.
You have claws for feet.


   Skills:
 - Level 2.0 Fighting
 + Level 3.5 Axes
 - Level 1.0 Throwing
 - Level 1.1 Armour
 - Level 2.1 Dodging
 - Level 2.0 Spellcasting
 - Level 2.4 Translocations


You had 5 spell levels left.
You didn't know any spells.
Your spell library contained the following spells:

 Spells                   Type           Power      Damage    Failure   Level
 Blink                    Tloc           14%        N/A       19%         2
 Gell's Gravitas          Tloc           7%         N/A       36%         3
 Lesser Beckoning         Tloc           7%         N/A       36%         3
 Teleport Other           Tloc           7%         N/A       36%         3
 Manifold Assault         Tloc           7%         N/A       98%         5

Inventory:

Hand Weapons
 d - a +0 club
 Y - a +0 hand axe (weapon)
Armour
 b - a +0 leather armour (worn)
Scrolls
 a - a scroll of identify
 c - 2 scrolls of immolation {unknown}
Potions
 e - a potion of heal wounds {unknown}

Dungeon Overview and Level Annotations

Branches:
Dungeon (2/15)

Altars:

Annotations:
D:2 Robin


Message History

The bat is moderately wounded.
The bat hits you but does no damage. The bat hits you.
You barely miss the bat.
The bat is moderately wounded.
The bat hits you. The bat hits you but does no damage.
The bat closely misses you. The bat hits you but does no damage.
The bat barely misses you. The bat hits you but does no damage.
You closely miss the bat. You claw the bat.
You kill the bat!
You start resting.
HP restored.
You see here a bat corpse.
Robin of the Strong Arm comes into view.
They are wielding a +0 falchion and wearing a +0 helmet of intelligence.
A goblin and a worm come into view.
The goblin shouts!
You hear a shout! x3
A goblin comes into view. It is wielding a +0 dagger.
A goblin comes into view. It is wielding a +0 club.
A ball python comes into view.
The goblin shouts!
The ball python hisses angrily.
The goblin shouts!
A goblin comes into view. It is wielding a +0 club.
Robin roars a battlecry!
The goblins go into a battle-frenzy!
A ball python comes into view.
You hear a shout!
The ball python hisses angrily.
A goblin comes into view. It is wielding a +0 club. x2
Robin hits you with a +0 falchion!
You barely miss Robin.
A goblin comes into view. It is wielding a +1 vampiric dagger.
A hobgoblin comes into view.
Robin throws the goblin at you!
The goblin unwields a +0 club.
The goblin wields a +0 sling.
The goblin shoots a sling bullet.
The sling bullet closely misses you.
The hobgoblin shouts!
You hit Robin but do no damage. You hit the worm. You hit the goblin. x2
The goblin hits you with a +0 dagger. Robin hits you with a +0 falchion!
You die...

..............# #................
..............###..%####.........
...#......###.......# #.........
....................# #.........
...................#####.........
##............................
##........g...............
##........#....g.......... #
....... #.g.g.@......... #
....... #....ggw........ ....
#g..S...........
....S......#####. ...........#
........#### ...g....# ........#


You could see a worm, Robin, a hobgoblin (strong), 6 goblins and 2 ball pythons.

Vanquished Creatures
  A dart slug (D:1)
  A ball python (D:1)
  An endoplasm (D:1)
  2 hobgoblins
  2 quokkas (D:2)
  A bat (D:2)
  A frilled lizard (D:1)
  4 goblins
  2 kobolds (D:1)
  A rat (D:1)
16 creatures vanquished.

Notes
Turn   | Place    | Note
-------+----------+-------------------------------------------
     0 | D:1      | qw the Tengu Warper began the quest for the Orb.
     0 | D:1      | Reached XP level 1. HP: 12/12 MP: 4/4
     0 | D:1      | 0 ||| qw: Version: 0.1-a-89-g26bdef1
     0 | D:1      | 0 ||| qw: Game counter: 763
     0 | D:1      | 0 ||| qw: Always use a shield: true
     0 | D:1      | 0 ||| qw: God list: Okawaru
     0 | D:1      | 0 ||| qw: Allow faded altars: false
     0 | D:1      | 0 ||| qw: Do Orc after D:15 true
     0 | D:1      | 0 ||| qw: Do second Lair branch before Depths: true
     0 | D:1      | 0 ||| qw: Lair rune preference: random
     0 | D:1      | 0 ||| qw: Plans: Normal
     0 | D:1      | 0 ||| PLANNING D:1-11
   123 | D:1      | 123 ||| Stepping ~*~*~tactically~*~*~ (hiding).
   229 | D:1      | Reached XP level 2. HP: 17/17 MP: 6/6
   368 | D:1      | Reached skill level 3 in Axes
   776 | D:1      | 776 ||| READING 2 scrolls labelled LESTUO DUSKACI.
   777 | D:1      | 777 ||| DROPPING scroll of blinking.
   857 | D:2      | 857 ||| Stepping ~*~*~tactically~*~*~ (hiding).
   864 | D:2      | 864 ||| FLEEEEING.
   874 | D:2      | 874 ||| FLEEEEING.
   875 | D:2      | 875 ||| FLEEEEING.
   876 | D:2      | 876 ||| FLEEEEING.
   877 | D:2      | 877 ||| FLEEEEING.
   878 | D:2      | 878 ||| FLEEEEING.
   879 | D:2      | 879 ||| FLEEEEING.
   880 | D:2      | 880 ||| FLEEEEING.
   881 | D:2      | 881 ||| FLEEEEING.
   882 | D:2      | 882 ||| FLEEEEING.
   883 | D:2      | 883 ||| FLEEEEING.
   884 | D:2      | 884 ||| FLEEEEING.
   885 | D:2      | 885 ||| FLEEEEING.
   893 | D:2      | 893 ||| FLEEEEING.
   894 | D:2      | 894 ||| FLEEEEING.
   895 | D:2      | 895 ||| FLEEEEING.
   896 | D:2      | 896 ||| FLEEEEING.
   897 | D:2      | 897 ||| FLEEEEING.
   898 | D:2      | 898 ||| FLEEEEING.
   899 | D:2      | 899 ||| FLEEEEING.
  1143 | D:2      | Noticed Robin
  1149 | D:2      | Slain by Robin

Levels and vault maps discovered:
D:1:      dpeg_arrival_connections, layout_loops_ring
D:2:      layout_basic, chequers_ecumenical_altar_simple,
          kennysheep_generic_room_13, uniq_robin

Skill      XL: |  1  2 |
---------------+-------+-----
Axes           | 3 |  3.5
Fighting       | |  2.0
Throwing       | |  1.0
Armour         | |  1.1
Dodging        | |  2.1
Spellcasting   | |  2.0
Translocations | |  2.4

Action                   || total
-------------------------++-------
Melee: Hand axe          ||    30
       Kick              ||    12
Throw: Boomerang         ||     7
  Use: Scroll            ||     1
Armor: Leather armour    ||    10
Dodge: Dodged            ||    13

Table legend:
 A = Non-vault XP
 B = Vault XP
 C = Vault XP percentage of total XP
 D = Non-vault monster count
 E = Vault monster count
 F = Vault count percentage of total count
                 A         B        C        D         E       F
            +---------+---------+-------+---------+---------+-------
      Total |      20 |       7 |  25.9 |      12 |       4 |  25.0
            +---------+---------+-------+---------+---------+-------
        D:1 |      15 |       0 |   0.0 |       9 |       0 |   0.0
        D:2 |       5 |       7 |  58.3 |       3 |       4 |  57.1
            +---------+---------+-------+---------+---------+-------
